AoeStats
← EeeZee3

Arena

510980786Analyzed
1v1 RM · 5h ago on Oct 3, 2026· 19m 44s· 2 players
Game mode
Random Map
Map size
Tiny (2 player)
Population
200
Speed
Normal
Resources
Standard
Victory
Conquest
Starting age
Dark Age
Ending age
Imperial Age
RankedLock teamsTeams togetherTeam positionsShared explorationLock speedFull tech treeHidden civsTurbo modeCheats
Victory
Defeat
🇮🇪 Franks · Ireland
662
+14
🇨🇭 Varangians · Switzerland
626
-14
EeeZee3
1:14 Loom
13:48 Feudal Age
14:22 Double-Bit Axe
14:22 Horse Collar
19:12 Wheelbarrow
TackOffNinja
11:23 Feudal Age
12:01 Double-Bit Axe
16:44 Castle Age
15:48 Loom
17:52 Bow Saw
Connection lost

Rejoining the realm…

Still unreachable

The connection could not be restored.

Session expired

The server has moved on; the page needs a fresh start.